 Dungeon Crawl Stone Soup version 0.26-a0-651-gb41185065b (webtiles) character file.

Game seed: 9057541647841504768

2 Ozzies the Sneak (level 1, -1/10 HPs)
             Began as a Vampire Enchanter on Oct 6, 2020.
             Slain by a kobold
             ... wielding a +0 club
              (6 damage)
             ... on level 1 of the Dungeon.
             The game lasted 00:00:45 (344 turns).

Ozzies the Sneak (Vampire Enchanter)                 Turns: 344, Time: 00:00:46

Health: -1/10      AC:  2    Str:  7    XL:     1   Next: 25%
Magic:  3/3        EV: 12    Int: 17    God:
Gold:   0          SH:  0    Dex: 14    Spells: 3/4 levels left

rFire    . . .     SeeInvis +   a - +1 dagger
rCold    + + .     Faith    .   (no shield)
rNeg     + + +     Spirit   .   b - +0 robe
rPois    ∞         Reflect  .   (no helmet)
rElec    .         Harm     .   (no cloak)
rCorr    .         Rampage  .   (no gloves)
MR       .....                  (no boots)
Stlth    +++++.....             (no amulet)
HPRegen  0.00/turn              (no ring)
MPRegen  0.08/turn              (no ring)

@: bloodless
A: fangs 3, see invisible, unbreathing
a: Revivify


You were on level 1 of the Dungeon.
You visited 1 branch of the dungeon, and saw 1 of its levels.

Inventory:

Hand Weapons
 a - a +1 dagger (weapon)
Missiles
 c - 22 stones (quivered)
Armour
 b - a +0 robe (worn)
Scrolls
 d - a scroll of fog {unknown}


   Skills:
 - Level 1.1 Short Blades
 - Level 2.1 Dodging
 * Level 4.5 Stealth
 - Level 2.0 Spellcasting
 + Level 4.4 Hexes


You had 3 spell levels left.
You knew the following spells:

 Your Spells              Type           Power        Failure   Level
a - Corona                Hex            ###....      3%          1

Your spell library contained the following spells:

 Spells                   Type           Power        Failure   Level
 Confusing Touch          Hex            ###.....     10%         3
 Tukima's Dance           Hex            ###.....     10%         3
 Ensorcelled Hibernation  Hex/Ice        #.....       12%         2
 Dazzling Flash           Conj/Hex       #.....       24%         3


Dungeon Overview and Level Annotations

Branches:
Dungeon (1/15)

Altars:


Innate Abilities, Weirdness & Mutations

You do not regenerate when monsters are visible.
You are frail without blood (-20% HP).
You can heal yourself when you bite living creatures.
You are immune to poison.
You have razor-sharp teeth.
You have supernaturally acute eyesight. (SInv)
You can survive without breathing.


Message History

The kobold hits you.
You closely miss the kobold.
The kobold is moderately wounded.
The kobold misses you.
You barely miss the kobold. You bite the kobold, but do no damage.
The kobold is moderately wounded.
You hit the kobold.
You kill the kobold!
No target in view!
No target in view!
No target in view!
No target in view!
No target in view!
HP restored.
You see here a kobold corpse.
c - 21 stones
c - 22 stones (gained 1)
A giant cockroach comes into view.
You see here a scroll labeled YDDEECEEMAT.
A giant cockroach is nearby!
A giant cockroach is nearby!
A giant cockroach is nearby!
The giant cockroach misses you.
You barely miss the giant cockroach. The giant cockroach bites you.
You closely miss the giant cockroach. The giant cockroach closely misses you.
You hit the giant cockroach but do no damage.
The giant cockroach closely misses you.
You hit the giant cockroach.
The giant cockroach is moderately wounded.
The giant cockroach bites you. x2
You are too injured to fight recklessly!
You are too injured to fight recklessly!
You are too injured to fight recklessly!
A giant cockroach is nearby!
You are too injured to fight recklessly!
Casting: Corona (safe; 3% risk of failure)
Confirm with . or Enter, or press ? or * to list all spells.
Aiming: Corona (safe; 3% risk of failure)
Press: ? - help, Shift-Dir - straight line, f - giant cockroach
Aim: a giant cockroach (moderately wounded, chance to defeat MR: 71%)
The giant cockroach is outlined in light.
The giant cockroach misses you.
You are too injured to fight recklessly!
You hit the giant cockroach but do no damage.
Your bite misses the giant cockroach.
The giant cockroach is moderately wounded.
The giant cockroach bites you but does no damage.
You hit the giant cockroach.
The giant cockroach is almost dead.
The giant cockroach bites you.
You hit the giant cockroach.
You kill the giant cockroach!
You see here a giant cockroach corpse.
Unknown command.
Unknown command.
A rat comes into view.
A rat is nearby!
A rat is nearby!
You are too injured to fight recklessly!
You are too injured to fight recklessly!
You see here a giant cockroach corpse.
d - a scroll labeled YDDEECEEMAT You start resting.
HP restored.
You start waiting.
Done waiting.
Found 21 arrows.
A bat comes into view.
A bat is nearby!
A bat is nearby!
A bat is nearby!
Found a stone staircase leading down.
A kobold comes into view. It is wielding a +0 club.
You see here 21 arrows.
The bat hits you but does no damage.
An ooze comes into view.
The bat barely misses you.
You miss the bat. The bat misses you. The bat hits you but does no damage.
The bat closely misses you.
A jackal comes into view.
The bat misses you. The bat hits you but does no damage.
A jackal comes into view.
The bat hits you but does no damage.
The kobold shouts!
You hit the kobold.
The kobold is severely wounded.
The ooze quivers.
The jackal barks!
You hear a bark!
The bat misses you.
A jackal comes into view.
The kobold hits you with a +0 club.
Ouch! That really hurt!
You closely miss the kobold.
The kobold is severely wounded.
The bat barely misses you.
A bat comes into view.
The kobold hits you with a +0 club.
Ouch! That really hurt!
You die...

## .# .... #...# .....
#.#.# .........##.#.#
.........##.#.######
..............#.....
#...........K..J....
######.........b@r......
#.......................
#....................h..
.......................b
...#######............h.
.### ###(...........h.
## ###................
##...###>....##.....
#..### ##.#### ####


You could see an ooze, 3 jackals, 2 bats, a kobold and a rat.

Vanquished Creatures
  A giant cockroach (D:1)
  A kobold (D:1)
2 creatures vanquished.

Notes
Turn   | Place    | Note
-------+----------+-------------------------------------------
     0 | D:1      | Ozzies the Vampire Enchanter began the quest for the Orb.
     0 | D:1      | Reached XP level 1. HP: 13/13 MP: 3/3
   344 | D:1      | Slain by a kobold

Illustrated notes

Levels and vault maps discovered:
D:1:      eino_arrival_water_cross, layout_rooms

Action                   || total
-------------------------++-------
Melee: Dagger            ||    14
       Bite              ||     1
 Cast: Corona            ||     1
 Abil: Exsanguinate      ||     1
Armor: Robe              ||     5
Dodge: Dodged            ||    14

Table legend: (Time is in decaauts)
 A = Elapsed time spent in this place.
 B = Non-inter-level travel time spent in this place.
 C = Inter-level travel time spent in this place.
 D = Time resting spent in this place.
 E = Time spent auto-exploring this place.
 F = Levels seen in this place.
 G = Mean time per level.
                   A        B        C        D        E       F      G
               +--------+--------+--------+--------+--------+-----+--------+
         Total |    343 |    343 |      0 |    235 |     61 |   1 |  343.0 |
       Dungeon |    343 |    343 |      0 |    235 |     61 |   1 |  343.0 |
               +--------+--------+--------+--------+--------+-----+--------+

Top non-repeatable levels by time:
     D:1: 343 daAuts
